 Dungeon Crawl Stone Soup version 0.30-a0-462-gd5975efbca (webtiles) character file.

Game seed: 10034139422189206529

42915 Charly the Grappler (level 13, 126/126 HPs)
             Began as a Demonspawn Wanderer on Dec 9, 2022.
             Was the Champion of Cheibriados.
             Quit the game on level 5 of the Lair of Beasts on Dec 16, 2022.
             The game lasted 01:02:07 (19102 turns).

Charly the Grappler (Demonspawn Wanderer)          Turns: 19102, Time: 01:02:08

Health: 126/126    AC: 14    Str: 34    XL:     13   Next: 88%
Magic:  21/21      EV: 16    Int: 38    God:    Cheibriados [******]
Gold:   627        SH:  0    Dex: 28    Spells: 10/20 levels left

rFire   x . .      SeeInvis .      - Unarmed
rCold   + + +      Faith    +    (shield currently unavailable)
rNeg    + . .      Spirit   +    (body armour currently unavailable)
rPois   +          Reflect  .    (helmet currently unavailable)
rElec   .          Harm     .    (cloak currently unavailable)
rCorr   .          Rampage  .    (gloves currently unavailable)
Will    .....                    (boots currently unavailable)
Stlth   ++++......               S - amulet of Ibrott {Faith rN+}
HPRegen 0.41/turn                A - +6 ring of strength
MPRegen 0.34/turn                Q - ring of Vanity {Wiz Int+3 Dex+2 Stlth+}

@: ice-form, very slow
A: freezing attack, amphibious, boosted hp, large, (claws 2), foul stench 2,
magic shield, magic regeneration, magic link, (sanguine armour 1)
a: End Transformation, Renounce Religion, Bend Time, Temporal Distortion,
Slouch, Step From Time


You were on level 5 of the Lair of Beasts.
You worshipped Cheibriados.
Cheibriados was exalted by your worship.
You were a creature of crystalline ice.
You visited 3 branches of the dungeon, and saw 17 of its levels.
You also visited: Ossuary and Gauntlet.

You collected 1069 gold pieces.
You spent 442 gold pieces at shops.

Inventory:

Missiles
 v - 4 throwing nets
Armour
 t - the +3 scale mail "Eroinaw" (melded) {Fly rF- Int+5}
   (You found it on level 7 of the Dungeon)

   Int:       It affects your intelligence (+5).
   rF:        It makes you vulnerable to fire.
   Fly:       It grants you flight.
 C - a scarf of repulsion (melded)
 V - a +2 helmet of see invisible (melded)
Magical Staves
 M - a staff of cold (melded)
Jewellery
 f - a ring of protection from fire
 A - a +6 ring of strength (left front paw)
 Q - the ring of Vanity (right front paw) {Wiz Int+3 Dex+2 Stlth+}
   (You found it on level 3 of the Lair of Beasts)

   [ring of wizardry]

   It improves your spell success rate.
   Int:       It affects your intelligence (+3).
   Dex:       It affects your dexterity (+2).
   Stlth:     It makes you more stealthy.
 S - the amulet of Ibrott (around neck) {Faith rN+}
   (You found it in a Gauntlet)

   [amulet of faith]

   It allows you to gain divine favour quickly.
   rN:        It protects you from negative energy.
Wands
 p - a wand of flame (17)
 u - a wand of charming (27)
 x - a wand of polymorph (14)
 D - a wand of digging (6)
 G - a wand of roots (19)
Scrolls
 c - 3 scrolls of vulnerability
 e - 3 scrolls of fear
 i - 2 scrolls of amnesia
 l - 3 scrolls of immolation
 r - 9 scrolls of teleportation
 s - 6 scrolls of enchant weapon
 w - 4 scrolls of blinking
 y - a scroll of noise {unknown}
 z - a scroll of silence {unknown}
 B - 2 scrolls of fog
 E - 2 scrolls of enchant armour
 I - a scroll of poison {unknown}
 L - a scroll of summoning {unknown}
 R - a scroll of acquirement {unknown}
Potions
 a - 12 potions of curing
 b - a potion of attraction
 d - a potion of berserk rage
 g - 8 potions of heal wounds
 h - 2 potions of mutation
 j - 5 potions of lignification
 m - 2 potions of brilliance
 n - a potion of invisibility
 o - 4 potions of might
 q - 2 potions of flight
 H - 2 potions of cancellation
 J - 2 potions of magic
 O - a potion of ambrosia {unknown}
Miscellaneous
 N - a tin of tremorstones (2/2)
 U - a condenser vane


   Skills:
 + Level 10.9 Fighting
 + Level 7.4 Dodging
 - Level 2.0 Stealth
 * Level 11.8 Unarmed Combat
 - Level 4.0 Spellcasting
 - Level 2.0 Conjurations
 - Level 2.0 Necromancy
 - Level 6.0 Transmutations
 - Level 8.0 Ice Magic
 + Level 11.2 Invocations
 + Level 7.6 Evocations


You had 10 spell levels left.
You knew the following spells:

 Your Spells              Type           Power      Damage    Failure   Level
a - Ozocubu's Armour      Ice            62%        N/A       1%          3
z - Frozen Ramparts       Ice            100%       1d16      1%          3
I - Ice Form              Ice/Tmut       57%        N/A       1%          4

Your spell library contained the following spells:

 Spells                   Type           Power      Damage    Failure   Level
 Kiss of Death            Conj/Necr      88%        2d12      1%          1
 Shock                    Conj/Air       60%        1d6       1%          1
 Slow                     Hex            28%        N/A       1%          1
 Ensorcelled Hibernation  Hex/Ice        76%        N/A       1%          2
 Spider Form              Tmut/Pois      30%        N/A       1%          3
 Blink                    Tloc           14%        N/A       2%          2
 Summon Ice Beast         Ice/Summ       38%        N/A       2%          4
 Swiftness                Air            7%         N/A       4%          3
 Tukima's Dance           Hex            7%         N/A       4%          3
 Metabolic Englaciation   Hex/Ice        19%        N/A       9%          5
 Anguish                  Hex/Necr       7%         N/A       10%         4
 Fulminant Prism          Conj/Hex       7%         3d7       10%         4
 Sticky Flame             Conj/Fire      15%        2d4       10%         4
 Freezing Cloud           Conj/Ice/Air   16%        6-21      11%         5
 Airstrike                Air            3%         2d(1-17)  16%         4
 Manifold Assault         Tloc           7%         N/A       16%         4
 Iskenderun's Battlesphe  Conj           23%        2d8       17%         5
 Simulacrum               Ice/Necr       22%        N/A       28%         6
 Iron Shot                Conj/Erth      7%         9d2       80%         6
 Storm Form               Tmut/Air       15%        N/A       97%         7
 Spellforged Servitor     Conj/Summ      7%         N/A       100%        7
 Polar Vortex             Ice            31%        N/A       100%        9


Dungeon Overview and Level Annotations

Branches:
Dungeon (11/15)            Temple (1/1) D:6            Lair (5/5) D:8
 Shoals (0/4) Lair:2        Snake (0/4) Lair:3        Slime (0/5) Lair:5
    Orc (0/2) D:10        Ossuary (visited)         Gauntlet (visited)

Altars:
Ashenzari
Cheibriados
Fedhas
Gozag
Hepliaklqana
Kikubaaqudgha
Makhleb
Okawaru
Qazlal
Ru
Sif Muna
Trog
Xom
Jiyva

Shops:
D:8 (   D:9 ***(

Annotations:
D:9 2 transporters, RatherSlowDeath's ghost, novice MiFi


Innate Abilities, Weirdness & Mutations

You are a creature of crystalline ice.
You have a powerful freezing melee attack.
You are amphibious.
Your maximum health is increased.
Your armour is entirely melded.
You are incapable of wielding weapons or throwing items.
((You have very sharp fingernails.))
You sometimes emit foul miasma when damaged in melee.
When hurt, damage is shared between your health and your magic reserves.
You regenerate magic rapidly.
When low on magic, you restore magic in place of health.
((When seriously injured, your blood forms armour. (AC +0)))


Message History

You pummel the ice statue!!
The ice statue is almost destroyed.
The ice beast hits you but does no damage.
The ice beast misses you. The ice beast hits you. The ice beast freezes you.
You resist.
An ice beast comes into view.
You pummel the ice statue!!
You destroy the ice statue!
Cheibriados appreciates the change of pace.
The ice beast disappears in a puff of smoke! x3
You see here a scroll of enchant weapon.
You see here a staff of poison.
You enter the deep water.
You sink to the bottom.
The ice beast barely misses you. The ice beast misses you.
You pummel the ice beast!!
You kill the ice beast!
Cheibriados appreciates the change of pace.
r - 9 scrolls of teleportation (gained 1)
You see here the +5 scale mail "Neiloil" {rPois rF- Dex+7}.
You pick up an Inescapable Atlas and begin reading...
You add the spells Blink, Manifold Assault and Storm Form to your library.
You pick up a book of Air and begin reading...
You add the spells Shock, Swiftness and Airstrike to your library.
You now have 627 gold pieces (gained 37).
p - a wand of flame (17) (gained 5 charges)
You see here a +1 scale mail of poison resistance.
s - 6 scrolls of enchant weapon (gained 1) Save game and exit?
Welcome back, Charly the Demonspawn Wanderer.
Cheibriados says: Take it easy.
Press ? for a list of commands and other information.
Save game and exit?
Welcome back, Charly the Demonspawn Wanderer.
Cheibriados says: Take it easy.
Press ? for a list of commands and other information.
Save game and exit?
Welcome back, Charly the Demonspawn Wanderer.
Cheibriados says: Take it easy.
Press ? for a list of commands and other information.
Are you sure you want to abandon this character and quit the game? (Confirm with "yes".)

...##
⌠..≈≈.......≈≈†.⌠.#
.##.#
.~≈~~.≈...≈.≈.≈~..##
...##
~~~≈.≈~≈..≈≈.~~≈≈..#
....#
.≈~...≈..≈....≈~≈..#
....#
≈~...~..~~≈≈.≈.~≈.P#
......
..≈≈≈≈≈≈≈≈≈≈≈≈~....#
......
..≈≈≈≈≈≈≈≈≈≈≈≈≈...##
.#...
..≈≈≈≈≈≈≈≈≈≈≈≈≈....#
.....
..≈≈≈≈≈.[Y≈≈≈≈≈....#
.....
...≈≈≈≈.<|≈≈≈≈......
....<
...≈≈≈≈..)≈≈≈≈....
.....
..≈≈≈≈≈.[.≈≈≈≈≈...
.#.P.
..≈≈≈≈≈≈≈≈≈≈≈≈≈...
####.
..≈≈≈≈≈≈≈≈≈≈≈≈≈...
..~≈≈≈≈≈≈≈≈≈≈≈≈...
≈≈.≈.~~~≈.~≈.≈.≈~.
~≈≈...≈≈≈≈≈...~≈≈.


There were no monsters in sight!

Vanquished Creatures
  A minotaur (Gauntlet)
  A hydra (Lair:5)
  A catoblepas (Lair:2)
  A centaur warrior (D:9)
  8 death yaks (Lair:5)
  A tengu warrior (Gauntlet)
  A fire crab (Lair:5)
  An orange crystal statue (Gauntlet)
  A wolf spider (shapeshifter) (Gauntlet)
  20 elephants
  A manticore (D:11)
  A cyclops (D:11)
  6 black mambas
  An ice statue (Lair:5)
  2 torpor snails
  6 cane toads
  3 rime drakes
  2 tengu conjurers (Gauntlet)
  An unseen horror (D:10)
  5 komodo dragons
  2 trolls
  5 polar bears
  11 blink frogs
  A snapping turtle (Lair:2)
  4 dream sheep (Lair:3)
  Prince Ribbit (D:7)
  Sigmund (D:2)
  3 shadows
  A vampire (D:10)
  41 yaks
  3 wyverns
  3 steam dragons
  A redback (shapeshifter) (Gauntlet)
  A vampire mosquito (D:9)
  2 two-headed ogre zombies (D:10)
  A warg (Lair:5)
  13 water moccasins
  A black bear (D:6)
  6 ice beasts
  4 orc warriors
  An ogre (D:5)
  An ogre (shapeshifter) (Gauntlet)
  5 wolves (Lair:4)
  4 centaurs
  A kobold brigand (D:8)
  Blork the orc (D:6)
  6 bullfrogs
  2 necrophages
  2 scorpions
  3 wights (D:6)
  2 troll zombies (D:10)
  14 killer bees
  An electric eel (Lair:2)
  2 howler monkeys (D:8)
  5 hounds
  2 gnoll boudas (D:7)
  5 jellies
  10 orc priests
  Ijyb (D:3)
  2 iguanas
  9 orc wizards
  3 ogre zombies (D:10)
  A mummy (Ossuary)
  A killer bee simulacrum (D:9)
  13 gnolls
  12 adders
  A shadow imp (D:7)
  2 white imps
  An ufetubus (D:7)
  3 worms
  4 dart slugs
  30 orcs
  3 spectral bats (Ossuary)
  4 bats
  13 endoplasms
  4 giant cockroaches
  12 gnoll zombies (Ossuary)
  8 goblins
  7 hobgoblins
  4 jackals (D:3)
  15 kobolds
  4 quokkas
  9 ball pythons
  2 bat simulacra (Ossuary)
  3 frilled lizards
  2 goblin simulacra (Ossuary)
  4 goblin skeletons (D:10)
  3 goblin zombies
  3 hobgoblin skeletons (D:10)
  14 hobgoblin zombies
  3 kobold simulacra (Ossuary)
  3 kobold zombies (Ossuary)
  3 orc skeletons (D:10)
  13 orc zombies
  7 rats
  5 rat simulacra (Ossuary)
  4 spectral goblins (Ossuary)
  3 spectral kobolds (Ossuary)
  A spectral rat (Ossuary)
475 creatures vanquished.

Vanquished Creatures (others)
  An orc (D:7)
  21 demonic plants (Gauntlet)
  8 fungi
  16 plants
46 creatures vanquished.

Grand Total: 521 creatures vanquished

Notes
Turn   | Place    | Note
-------+----------+-------------------------------------------
     0 | D:1      | Charly the Demonspawn Wanderer began the quest for the Orb.
     0 | D:1      | Charly set off with the following items: a +0 club, a
                  | potion of attraction, a +0 robe, a +0 cloak; and the
                  | following spells available to memorise: Kiss of Death,
                  | Slow, Tukima's Dance, Fulminant Prism, Sticky Flame.
     0 | D:1      | Reached XP level 1. HP: 15/15 MP: 4/4
     2 | D:1      | Learned a level 1 spell: Kiss of Death
     4 | D:1      | Learned a level 1 spell: Slow
   435 | D:1      | Gained mutation: You have sharp fingernails. [demonic
                  | ancestry]
   435 | D:1      | Reached XP level 2. HP: 19/19 MP: 3/6
   933 | D:1      | Reached XP level 3. HP: 18/20 MP: 7/7
  1017 | D:1      | Learned a level 3 spell: Ozocubu's Armour
  1073 | D:1      | Reached skill level 1 in Necromancy
  1481 | D:2      | Identified the +6 mace "Qava" {vorpal, Str+5 Stlth+}
  1632 | D:2      | Noticed Sigmund
  2047 | D:2      | Gained mutation: You may rarely emit foul miasma when
                  | damaged in melee. [demonic ancestry]
  2047 | D:2      | Reached XP level 4. HP: 22/26 MP: 8/8
  2493 | D:3      | Reached skill level 1 in Ice Magic
  2737 | D:3      | Noticed Ijyb
  3367 | D:3      | Reached XP level 5. HP: 34/41 MP: 9/9
  3405 | D:3      | Reached skill level 1 in Unarmed Combat
  3891 | D:4      | Gained mutation: You sometimes emit foul miasma when
                  | damaged in melee. [demonic ancestry]
  3891 | D:4      | Reached XP level 6. HP: 48/48 MP: 10/10
  4211 | D:5      | Entered Level 5 of the Dungeon
  4297 | D:5      | Gained mutation: When seriously injured, your blood forms
                  | armour. (AC +0) [demonic ancestry]
  4297 | D:5      | Reached XP level 7. HP: 52/55 MP: 11/11
  4517 | D:5      | Reached skill level 5 in Fighting
  4526 | D:5      | Found a sand-covered staircase.
  4534 | D:5      | Identified the +1 ring mail of Qazlal's Outrage {-Cast rC+
                  | rCorr Dex+6}
  4545 | Ossuary  | Entered an ossuary
  5419 | D:6      | Reached XP level 8. HP: 62/63 MP: 12/12
  5789 | D:2      | Killed Sigmund
  5790 | D:2      | Reached skill level 5 in Evocations
  5901 | D:3      | Killed Ijyb
  6035 | D:6      | Noticed Blork the orc
  6042 | D:6      | Found a staircase to the Ecumenical Temple.
  6052 | D:6      | Killed Blork the orc
  6069 | Temple   | Entered the Ecumenical Temple
  6200 | Temple   | Became a worshipper of Cheibriados the Contemplative
  6262 | D:6      | Reached skill level 5 in Unarmed Combat
  6382 | D:6      | Reached skill level 1 in Invocations
  6840 | D:6      | Gained mutation: You regenerate magic rapidly. [demonic
                  | ancestry]
  6840 | D:6      | Reached XP level 9. HP: 72/72 MP: 13/13
  7028 | D:7      | Found a shimmering altar of Xom.
  7053 | D:7      | Noticed Prince Ribbit
  7058 | D:7      | Killed Prince Ribbit
  7309 | D:7      | Reached * piety under Cheibriados
  7877 | D:7      | Identified the +3 scale mail "Eroinaw" {Fly rF- Int+5}
  8100 | D:8      | Reached skill level 5 in Invocations
  8602 | D:8      | Found Soefe's Antique Weapon Boutique.
  8918 | D:8      | Found a staircase to the Lair.
  9333 | D:9      | Reached ** piety under Cheibriados
  9334 | D:9      | Gained mutation: When hurt, damage is shared between your
                  | health and your magic reserves. [demonic ancestry]
  9334 | D:9      | Reached XP level 10. HP: 44/81 MP: 14/14
  9488 | D:9      | Found Catiti Lyame's Assorted Antiques.
  9496 | D:9      | Bought a scroll of identify for 62 gold pieces
  9496 | D:9      | Bought a scroll labelled CAHEZYL CIL for 31 gold pieces
  9591 | D:9      | Found Kozoug's Assorted Antiques.
  9600 | D:9      | Bought a glimmering ring mail for 198 gold pieces
  9600 | D:9      | Identified the +1 ring mail of the Other World {rElec rC+}
                  | (You bought it in a shop on level 9 of the Dungeon)
  9600 | D:9      | Bought an inky potion for 19 gold pieces
  9600 | D:9      | Bought a scroll of teleportation for 66 gold pieces
  9600 | D:9      | Bought a potion of curing for 66 gold pieces
  9612 | D:9      | Found Fin Wixt's General Store.
  9718 | D:9      | Found a bloodstained altar of Trog.
  9718 | D:9      | Noticed RatherSlowDeath's ghost (novice MiFi)
  9719 | D:9      | Noticed a moth of wrath
  9719 | D:9      | Noticed a two-headed ogre
  9721 | D:9      | Noticed a deep troll
  9738 | D:9      | Found a transporter.
  9744 | D:9      | Found a transporter.
  9751 | D:9      | Found Ushrar's Weapon Boutique.
 10079 | D:9      | Found a blossoming altar of Fedhas.
 10175 | D:9      | Noticed a centaur warrior
 10184 | D:9      | Killed a centaur warrior
 10514 | D:9      | Learned a level 4 spell: Ice Form
 10544 | D:10     | Entered Level 10 of the Dungeon
 11170 | D:10     | Found a staircase to the Orcish Mines.
 11178 | D:10     | Reached *** piety under Cheibriados
 11856 | D:10     | Reached skill level 5 in Dodging
 11911 | D:10     | Gained mutation: When low on magic, you restore magic in
                  | place of health. [demonic ancestry]
 11911 | D:10     | Reached XP level 11. HP: 60/89 MP: 10/17
 12299 | D:10     | Learned a level 3 spell: Frozen Ramparts
 12553 | D:11     | Noticed Psyche
 12555 | D:11     | Psyche changed into Psyche the centaur
 12555 | D:11     | Noticed Psyche
 12561 | D:11     | Killed Psyche the centaur
 12562 | D:11     | Reached skill level 1 in Transmutations
 12620 | D:11     | Reached **** piety under Cheibriados
 13634 | Lair:1   | Entered Level 1 of the Lair of Beasts
 14306 | Lair:1   | Reached skill level 5 in Ice Magic
 14620 | Lair:2   | Reached skill level 5 in Transmutations
 14905 | Lair:2   | Noticed a catoblepas
 14915 | Lair:2   | Killed a catoblepas
 15047 | Lair:2   | Reached ***** piety under Cheibriados
 15355 | Lair:2   | Found a staircase to the Shoals.
 15765 | Lair:3   | Reached XP level 12. HP: 95/95 MP: 18/18
 15954 | Lair:3   | Identified the +1 robe "Iczes" {Will+ Str+2 SInv}
 16339 | Lair:3   | Found a staircase to the Snake Pit.
 16364 | Lair:3   | Identified the ring of Vanity {Wiz Int+3 Dex+2 Stlth+}
 16496 | Lair:4   | Found a gate leading to a gauntlet.
 16505 | Gauntlet | Entered a Gauntlet
 16505 | Gauntlet | Found a transporter.
 16505 | Gauntlet | Found a transporter.
 16505 | Gauntlet | Found a transporter.
 16505 | Gauntlet | Found a transporter.
 16509 | Gauntlet | Found a transporter.
 16509 | Gauntlet | Found a transporter.
 16511 | Gauntlet | Found a large runed translucent door.
 16512 | Gauntlet | Found a large runed translucent door.
 16513 | Gauntlet | Found a large runed translucent door.
 16513 | Gauntlet | Found a large runed translucent door.
 16513 | Gauntlet | Found a runed translucent door.
 16513 | Gauntlet | Found a runed translucent door.
 16514 | Gauntlet | Found a large runed translucent door.
 16514 | Gauntlet | Found a large runed translucent door.
 16514 | Gauntlet | Found a large runed translucent door.
 16514 | Gauntlet | Found a large runed translucent door.
 16515 | Gauntlet | Found a large runed translucent door.
 16515 | Gauntlet | Found a large runed translucent door.
 16516 | Gauntlet | Found a large runed translucent door.
 16516 | Gauntlet | Found a large runed translucent door.
 16517 | Gauntlet | Found a runed translucent gate.
 16517 | Gauntlet | Found a runed translucent gate.
 16517 | Gauntlet | Found a runed translucent gate.
 16518 | Gauntlet | Noticed a tengu warrior
 16519 | Gauntlet | Found a transporter.
 16523 | Gauntlet | Found a transporter.
 16533 | Gauntlet | Found a transporter.
 16544 | Gauntlet | Noticed a minotaur
 16566 | Gauntlet | Found a large runed translucent door.
 16566 | Gauntlet | Found a large runed translucent door.
 16569 | Gauntlet | Found a large runed translucent door.
 16569 | Gauntlet | Found a large runed translucent door.
 16635 | Gauntlet | Found a transporter.
 16639 | Gauntlet | Found a transporter.
 16649 | Gauntlet | Found a transporter.
 16813 | Gauntlet | Killed a tengu warrior
 16820 | Gauntlet | Identified the amulet of Ibrott {Faith rN+}
 16876 | Gauntlet | Identified the +11 broad axe of Zin's Grace {freeze, Str+4
                  | Dex+3}
 16891 | Gauntlet | Killed a minotaur
 16892 | Gauntlet | Reached skill level 10 in Unarmed Combat
 16896 | Gauntlet | Identified the +3 ring mail of the Narrow Tarantula {rElec
                  | Str+4 Int-5}
 16900 | Gauntlet | Identified the +0 leather armour "Nawioxem" {rN+ Dex+2}
 17140 | Lair:4   | Reached skill level 10 in Fighting
 17153 | Lair:4   | Gained mutation: You have very sharp fingernails. [demonic
                  | ancestry]
 17153 | Lair:4   | Reached XP level 13. HP: 62/103 MP: 10/20
 17556 | Lair:3   | Reached skill level 10 in Invocations
 17904 | Lair:4   | Reached ****** piety under Cheibriados
 18321 | Lair:4   | Identified the +1 ring mail of Autumn {Rampage Will+ Int-3
                  | Dex+6}
 18406 | Lair:5   | Entered Level 5 of the Lair of Beasts
 18735 | Lair:5   | Found a staircase to the Slime Pits.
 18740 | Lair:5   | Found a viscous altar of Jiyva.
 19090 | Lair:5   | Identified the +5 scale mail "Neiloil" {rPois rF- Dex+7}
 19102 | Lair:5   | Upgraded the game from 0.30-a0-424-g7412bad402 to
                  | 0.30-a0-462-gd5975efbca
 19102 | Lair:5   | Quit the game

Illustrated notes

Levels and vault maps discovered:
D:1:      elethiomel_arrival_quiet, layout_basic, minmay_misc_feat_secret_circle
D:2:      layout_basic, grunt_ministairs_8, uniq_sigmund
D:3:      layout_loops_ring, uniq_ijyb
D:4:      layout_loops_ring
D:5:      layout_basic, nicolae_ossuary_entry_monument,
          minmay_misc_feat_columns, grunt_ministairs_9
D:6:      layout_loops_ring, minmay_temple_entry_glass, uniq_blork_the_orc
D:7:      layout_loops_cross, mainiacjoe_overflow_alcove_4, solitary_fountain,
          uniq_prince_ribbit1
D:8:      layout_loops_ring, dpeg_oklobed_lair, serial_shops, shop,
          feat_on_display
D:9:      layout_loops_corners, gammafunk_ghost_wrathful_warriors, serial_shops,
          nicolae_diamond_shop, nicolae_shop_temple_entry_statues_fountains,
          shop_fountains, nicolae_shop_waterfront, hangedman_feature_mirror,
          kennysheep_generic_room_14
D:10:     layout_stronghold, zombieorc2_lemuel, eino_jars
D:11:     layout_rooms, uniq_psyche
Temple:   compressed_dpeg_triangle_lava_temple
Lair:1:   layout_cave_shapes, serial_bayou_pond_c,
          chequers_serial_rivers_small_a, infiniplex_staircase_pool_2,
          serial_bayou_shore_b, grunt_megastairs_1
Lair:2:   layout_regular_city, minmay_shoals_entry_hut,
          chequers_serial_rivers_micro_d, cheibrodos_lair_caveside_slide
Lair:3:   layout_small_grid, dummy_snake_entry
Lair:4:   beast_lair_carwin_large_1, layout_regular_city,
          gauntlet_entry_generic, grunt_megastairs_5
Lair:5:   hangedman_lair_caniforms_friends, layout_misc_corridors,
          slime_entry_1, ice2_lemuel

Skill      XL: |  1  2  3  4  5  6  7  8  9 10 11 12 13 |
---------------+----------------------------------------+-----
Fighting       | 2 3 4 5 7 8 9 10 | 10.9
Stealth        | 2 |  2.0
Necromancy     | 2 |  2.0
Ice Magic      | 1 7 8 |  8.0
Unarmed Combat | 1 2 4 5 7 9 10 11 | 11.8
Evocations     | 3 4 5 6 7 |  7.6
Invocations    | 3 6 8 9 11 | 11.2
Dodging        | 3 5 6 7 |  7.4
Transmutations | 5 6 |  6.0
Spellcasting   | 4 |  4.0
Conjurations   | |  2.0

Action                   |  1- 3 |  4- 6 |  7- 9 | 10-12 | 13-15 || total
-------------------------+-------+-------+-------+-------+-------++-------
Melee: Whip              |    21 |       |       |       |       ||    21
       Club              |     8 |       |       |       |       ||     8
       Spear             |   104 |       |       |       |       ||   104
       Mace              |    21 |   123 |   196 |       |       ||   340
       Punch             |       |     1 |    19 |    27 |       ||    47
       Unarmed           |       |       |   236 |   642 |   123 ||  1001
       Staff             |       |       |       |     3 |       ||     3
Throw: Javelin           |     8 |     8 |     4 |       |       ||    20
       Dart              |       |       |     1 |     1 |       ||     2
 Cast: Slow              |    27 |       |       |       |       ||    27
       Kiss of Death     |     4 |       |       |       |       ||     4
       Ice Form          |       |       |       |    25 |    12 ||    37
       Ozocubu's Armour  |       |       |       |    13 |     2 ||    15
Invok: Bend Time         |       |       |     1 |     3 |       ||     4
       Slouch            |       |       |       |     1 |     1 ||     2
       Temporal Distorti |       |       |       |       |     1 ||     1
 Abil: End Transformatio |       |       |       |     1 |     1 ||     2
Evoke: Wand              |       |     5 |    15 |     3 |       ||    23
       Condenser vane    |       |       |       |       |     1 ||     1
  Use: Scroll            |       |     5 |    14 |     7 |     1 ||    27
       Potion            |       |       |     3 |     1 |       ||     4
 Stab: Sleeping          |     3 |     2 |    13 |     4 |     1 ||    23
       Distracted        |       |       |       |     2 |     1 ||     3
       Invisible         |       |       |       |     1 |       ||     1
Armor: Robe              |    41 |     9 |       |       |       ||    50
       Chain mail        |       |    40 |     9 |       |       ||    49
       Ring mail         |       |       |   164 |   127 |       ||   291
       Scale mail        |       |       |       |    45 |       ||    45
       Skin              |       |       |       |   115 |    58 ||   173
Dodge: Dodged            |    99 |    60 |   266 |   467 |   102 ||   994

Table legend: (Time is in decaauts)
 A = Elapsed time spent in this place.
 B = Non-inter-level travel time spent in this place.
 C = Inter-level travel time spent in this place.
 D = Time resting spent in this place.
 E = Time spent auto-exploring this place.
 F = Levels seen in this place.
 G = Mean time per level.
                   A        B        C        D        E       F      G
               +--------+--------+--------+--------+--------+-----+--------+
         Total |  23974 |  22860 |   1114 |    340 |  18167 |  19 | 1261.8 |
       Dungeon |  14991 |  14168 |    823 |    153 |  11156 |  11 | 1362.8 |
        Temple |    144 |    133 |     11 |      0 |    119 |   1 |  144.0 |
          Lair |   7729 |   7450 |    279 |    187 |   6305 |   5 | 1545.8 |
       Ossuary |    488 |    488 |      0 |      0 |    247 |   1 |  488.0 |
      Gauntlet |    620 |    620 |      0 |      0 |    339 |   1 |  620.0 |
               +--------+--------+--------+--------+--------+-----+--------+

Top non-repeatable levels by time:
    D:10: 2420 daAuts
  Lair:4: 2043 daAuts
  Lair:2: 1708 daAuts
     D:9: 1688 daAuts
  Lair:3: 1583 daAuts
     D:8: 1510 daAuts
     D:1: 1504 daAuts
  Lair:1: 1453 daAuts
    D:11: 1425 daAuts
     D:6: 1331 daAuts
     D:7: 1268 daAuts
     D:3: 1221 daAuts
     D:2: 1082 daAuts
  Lair:5: 940 daAuts
     D:4: 819 daAuts
